 Dungeon Crawl Stone Soup version 0.28-a0-1147-gc7b72d3202 (webtiles) character file.

Game seed: 11166140036324912918

7114 ChaosChampion the Schismatic (level 10, -1/80 HPs)
             Began as a Demonspawn Abyssal Knight on Dec 14, 2021.
             Was an Elder of Lugonu.
             Slain by a meliai (4 damage)
             ... on level 10 of the Dungeon.
             The game lasted 00:19:59 (9998 turns).

ChaosChampion the Schismatic (DsAK)                 Turns: 9998, Time: 00:19:59

Health: -1/80      AC: 14    Str: 17    XL:     10   Next: 85%
Magic:  11/18      EV:  5    Int: 13    God:    Lugonu [****..]
Gold:   614        SH: 10    Dex: 19    Spells: 9/9 levels left

rFire   . . .      SeeInvis .   H - +5 spear (freeze)
rCold   . . .      Faith    .   L - +0 kite shield
rNeg    . . .      Spirit   .   w - +3 chain mail
rPois   .          Reflect  .   (helmet restricted)
rElec   .          Harm     .   (no cloak)
rCorr   .          Rampage  .   m - +0 pair of gloves
Will    .....                   (no boots)
Stlth   ..........              n - amulet of regeneration
HPRegen 1.03/turn               f - +6 ring of dexterity
MPRegen 0.16/turn               j - ring of wizardry

@: no status effects
A: hooves 1, horns 2, demonic guardian 2, ignite blood 1, demonic touch 1
a: Renounce Religion, Depart the Abyss, Bend Space, Banish, Corrupt


You were on level 10 of the Dungeon.
You worshipped Lugonu.
Lugonu was greatly pleased with you.
You visited 1 branch of the dungeon, and saw 10 of its levels.
You visited the Abyss 1 time.
You also visited: Sewer.

You collected 614 gold pieces.

Inventory:

Hand Weapons
 q - a +4 flail
 v - the +5 hunting sling "Itoil" {freeze, rC++ rN+++ SInv Stlth-}
   (You took it off an orc on level 5 of the Dungeon)

   Any ammunition fired from it freezes those it strikes, dealing additional
   cold damage.
   It can also slow down cold-blooded creatures.
   rC:        It greatly protects you from cold.
   rN:        It renders you almost immune to negative energy.
   SInv:      It lets you see invisible.
   Stlth:     It makes you less stealthy.
 H - a +5 spear of freezing (weapon)
 I - a +3 battleaxe
Missiles
 e - 13 poisoned darts (quivered)
 y - 33 sling bullets
Armour
 m - a +0 pair of gloves (worn)
 w - a +3 chain mail (worn)
 L - a +0 kite shield (worn)
Jewellery
 f - a +6 ring of dexterity (left hand)
 i - an amulet of the acrobat
 j - a ring of wizardry (right hand)
 n - an amulet of regeneration (around neck)
 r - a ring of flight
Wands
 G - a wand of iceblast (5)
 J - a wand of acid (21)
 K - a wand of polymorph (7)
Scrolls
 b - 3 scrolls of identify
 d - 4 scrolls of fog
 g - 7 scrolls of teleportation
 z - a scroll of enchant weapon
 A - a scroll of summoning
 B - a scroll of blinking
 D - 3 scrolls of amnesia {unknown}
 E - 2 scrolls of enchant armour {unknown}
Potions
 a - a potion of invisibility {unknown}
 c - 2 potions of resistance
 h - a potion of attraction
 k - 3 potions of flight
 o - a potion of mutation {unknown}
 p - 2 potions of lignification {unknown}
 s - 2 potions of heal wounds
 t - 3 potions of might
 x - 3 potions of curing
 C - a potion of haste {unknown}


   Skills:
 - Level 7.9 Fighting
 - Level 3.5(5.8) Axes
 - Level 5.2(5.8) Maces & Flails
 + Level 4.6(5.2) Polearms
 - Level 6.8 Armour
 - Level 0.8 Dodging
 + Level 4.3 Shields
 + Level 11.6 Invocations


You had 9 spell levels left.
You didn't know any spells.
Your spell library contained the following spells:

 Spells                   Type           Power      Damage    Failure   Level
 Corpse Rot               Necr/Air       0%         N/A       100%        2
 Sublimation of Blood     Necr           0%         N/A       100%        2
 Confusing Touch          Hex            0%         N/A       100%        3
 Petrify                  Tmut/Erth      0%         N/A       100%        4
 Freezing Cloud           Conj/Ice/Air   0%         6-21      100%        5
 Irradiate                Conj/Tmut      0%         3d13      100%        5
 Simulacrum               Ice/Necr       0%         N/A       100%        6
 Polar Vortex             Ice            0%         N/A       100%        9


Dungeon Overview and Level Annotations

Branches:
Dungeon (10/15)            Temple (0/1) D:4            Lair (0/6) D:9
  Sewer (visited)
    Orc: D:9-12

Altars:
Dithmenos
Elyvilon
Gozag
Makhleb
Trog
Uskayaw
Wu Jian
Xom

Annotations:
D:9 exclusion: door
D:10 corrupted


Innate Abilities, Weirdness & Mutations

You have large cloven feet.
You have a pair of horns on your head.
A demonic guardian rushes to your aid.
Your demonic aura sometimes causes spilled blood to erupt in flames.
Your touch may inflict minor irresistible damage on your foes.


Message History

The meliai hits you with a +0 hand axe.
* * * LOW HITPOINT WARNING * * *
The meliai barely misses you.
The deep troll bites you but does no damage.
You block the deep troll's attack. The deep troll barely misses you.
You don't know any spells.
Press: ? - help, v - describe, . - travel A stone staircase leading up, spattered with blood.
There is a cloud of flame here.
You feel much better. The meliai hits you with a +0 hand axe.
The meliai stings you but does no damage.
The meliai hits you with a +0 hand axe. You block the meliai's attack.
The deep troll bites you but does no damage.
The deep troll claws you. x2
* * * LOW HITPOINT WARNING * * *
You block the meliai's attack. The meliai barely misses you.
You hit the meliai but do no damage. You kick the meliai.
The meliai is moderately wounded.
You block the meliai's attack.
The meliai stings you but does no damage.
You block the meliai's attack.
The meliai stings you but does no damage.
The meliai calls down the wrath of its god upon you.
Something smites you!
* * * LOW HITPOINT WARNING * * *
Activating: Corrupt (3% risk of failure)
Press: ? - help, Dir - look around, f - activate Lugonu's Hand of Corruption reaches out!
You can no longer gate yourself to the Abyss.
The meliai hits you with a +0 hand axe.
* * * LOW HITPOINT WARNING * * *
The meliai hits the small abomination with a +0 hand axe!
You block the meliai's attack.
The vampire completely misses the small abomination.
The vampire bites the small abomination.
The meliai hits you with a +0 hand axe!
* * * LOW HITPOINT WARNING * * *
The meliai hits the small abomination with a +0 hand axe.
The meliai stings you.
You die...

.... .....# 3..
#...... #
#..#.#..... #.
..........# #.
##.#..#....#
..#....#....#
...#X...<..#..#
..3X....yT#..3.
#@xV......
#.#X.#...5...
#.x..x..3....
......2..#..#.
#..#.#.X#....Z..
###..#.X#.x#....
.##..1...#....
..###..Z..#...


You could see a deep troll, a vampire, a meliai, a neutral starcursed mass
(summoned), 2 neutral tentacled starspawn, a neutral Executioner (summoned), a
neutral thrashing horror (summoned), a neutral large abomination (summoned), a
neutral worldbinder (summoned), a neutral sixfirhy (summoned), a neutral smoke
demon (summoned), a neutral tormentor (summoned), 2 neutral neqoxecs, 3 neutral
small abominations, a neutral white imp (summoned), a neutral nagaraja zombie
(summoned) and a neutral centaur warrior skeleton (summoned).

Vanquished Creatures
  A gargoyle (D:9)
  A hornet (D:9)
  6 yaks
  A wyvern (D:9)
  2 humans (D:7)
  A steam dragon (D:9)
  2 black bears
  An orc warrior (D:9)
  An ice beast (D:5)
  An ogre (D:7)
  A necrophage (D:6)
  5 centaurs
  7 bullfrogs
  A gnoll sergeant (D:8)
  A scorpion (D:7)
  A water moccasin skeleton (D:5)
  Dowan (D:4)
  5 killer bees
  8 wights
  2 howler monkeys
  3 centaur zombies
  2 hounds
  2 jellies
  2 gnoll shamans
  A centaur skeleton (D:3)
  An orc priest (D:5)
  A bullfrog skeleton (D:7)
  3 iguanas
  3 orc wizards
  2 hound skeletons (D:5)
  A howler monkey zombie (D:9)
  11 gnolls
  A howler monkey skeleton (D:5)
  10 adders
  2 white imps
  An ufetubus (D:4)
  9 worms
  A dart slug (D:2)
  19 orcs
  6 endoplasms
  5 giant cockroaches
  5 hobgoblins
  10 jackals
  4 quokkas
  4 ball pythons
  15 bats
  3 frilled lizards
  3 goblins
  9 kobolds
  6 rats
194 creatures vanquished.

Vanquished Creatures (collateral kills)
  An ugly thing (D:9)
  A wraith (D:9)
  A wyvern (D:8)
  3 humans (D:7)
  A steam dragon (D:7)
  Duvessa (D:4)
  4 orc warriors
  A black bear (D:9)
  An ogre (D:6)
  A kobold brigand (D:6)
  A bullfrog (D:6)
  A water moccasin skeleton (D:4)
  A howler monkey zombie (D:9)
  2 gnolls
  2 howler monkey skeletons (D:6)
  3 river rats (D:4)
  An adder (D:4)
  4 orcs
  A giant cockroach (D:3)
31 creatures vanquished.

Grand Total: 225 creatures vanquished

Notes
Turn   | Place    | Note
-------+----------+-------------------------------------------
     0 | Abyss:1  | ChaosChampion the Demonspawn Abyssal Knight began the quest
                  | for the Orb.
     0 | Abyss:1  | Reached XP level 1. HP: 18/18 MP: 2/2
    14 | D:1      | Escaped the Abyss
   242 | D:1      | Gained mutation: A weak demonic guardian rushes to your
                  | aid. [demonic ancestry]
   242 | D:1      | Reached XP level 2. HP: 17/24 MP: 4/4
   791 | D:1      | Reached skill level 3 in Invocations
  1585 | D:2      | Found a faded altar of an unknown god.
  1697 | D:2      | Gained mutation: A demonic guardian rushes to your aid.
                  | [demonic ancestry]
  1697 | D:2      | Reached XP level 3. HP: 25/29 MP: 5/5
  1736 | D:2      | You fall into a shaft and drop 2 floors!
  1760 | D:4      | Found a staircase to the Ecumenical Temple.
  1776 | D:4      | Noticed Duvessa
  1778 | D:4      | Discovered your monstrous ancestry.
  1778 | D:4      | Gained mutation: You have a pair of small horns on your
                  | head. [demonic ancestry]
  1778 | D:4      | Reached XP level 4. HP: 7/36 MP: 6/6
  2028 | D:4      | Reached ** piety under Lugonu
  2136 | D:4      | Reached skill level 4 in Invocations
  2143 | D:4      | Gained mutation: Your touch may inflict minor irresistible
                  | damage on your foes. [demonic ancestry]
  2143 | D:4      | Reached XP level 5. HP: 3/42 MP: 6/8
  2151 | D:4      | HP: 2/42 [jackal (2)]
  2168 | D:4      | Noticed Dowan
  2173 | D:4      | Killed Duvessa
  2175 | D:4      | Found a glowing drain.
  2178 | Sewer    | Entered a sewer
  2507 | Sewer    | Gained mutation: You have large cloven feet. [demonic
                  | ancestry]
  2507 | Sewer    | Reached XP level 6. HP: 48/48 MP: 9/9
  3428 | D:4      | Killed Dowan
  3429 | D:4      | Reached skill level 5 in Invocations
  3518 | D:3      | Reached *** piety under Lugonu
  4138 | D:3      | Found a burning altar of Makhleb.
  4451 | D:3      | Found a hide-covered altar of Uskayaw.
  5026 | D:4      | Found a shimmering altar of Xom.
  5244 | D:5      | Entered Level 5 of the Dungeon
  5280 | D:5      | Reached XP level 7. HP: 55/55 MP: 11/11
  5314 | D:5      | Reached skill level 1 in Maces & Flails
  5608 | D:5      | Identified the +5 hunting sling "Itoil" {freeze, rC++ rN+++
                  | SInv Stlth-}
  5932 | D:5      | Reached skill level 5 in Fighting
  6056 | D:5      | Reached skill level 6 in Invocations
  6213 | D:5      | Found a shadowy altar of Dithmenos.
  6371 | D:6      | Found a bloodstained altar of Trog.
  6371 | D:6      | Found an ornate altar of the Wu Jian Council.
  6398 | D:6      | Reached **** piety under Lugonu
  6417 | D:6      | Reached XP level 8. HP: 37/63 MP: 12/12
  6815 | D:6      | Reached skill level 7 in Invocations
  6871 | D:6      | Reached skill level 5 in Armour
  7184 | D:6      | Found a shimmering altar of Xom.
  7318 | D:7      | Reached skill level 8 in Invocations
  7358 | D:7      | Gained mutation: Your demonic aura sometimes causes spilled
                  | blood to erupt in flames. [demonic ancestry]
  7358 | D:7      | Reached XP level 9. HP: 23/71 MP: 15/15
  7490 | D:7      | Found an opulent altar of Gozag.
  7854 | D:7      | Reached skill level 9 in Invocations
  7858 | D:7      | Reached skill level 5 in Maces & Flails
  8498 | D:8      | Reached skill level 1 in Polearms
  8863 | D:8      | Gained mutation: You have a pair of horns on your head.
                  | [demonic ancestry]
  8863 | D:8      | Reached XP level 10. HP: 76/80 MP: 17/17
  8998 | D:8      | Reached skill level 1 in Shields
  8998 | D:8      | Reached skill level 10 in Invocations
  9303 | D:9      | Found a staircase to the Lair.
  9313 | D:9      | Reached ***** piety under Lugonu
  9400 | D:9      | Got the Guide on Execration and Darkness
  9616 | D:9      | Noticed a purple ugly thing
  9623 | D:9      | Noticed a gargoyle
  9697 | D:9      | Killed a purple ugly thing
  9698 | D:9      | Reached skill level 11 in Invocations
  9713 | D:9      | Killed a gargoyle
  9974 | D:9      | Noticed a deep troll
  9974 | D:9      | Noticed a boulder beetle
  9974 | D:9      | Noticed a boulder beetle
  9974 | D:9      | Noticed a yaktaur captain
  9991 | D:10     | Entered Level 10 of the Dungeon
  9998 | D:10     | Corrupted D:10
  9998 | D:10     | Noticed a tentacled starspawn
  9998 | D:10     | Noticed a starcursed mass
  9998 | D:10     | Noticed a sixfirhy
  9998 | D:10     | Noticed a worldbinder
  9998 | D:10     | Noticed a smoke demon
  9998 | D:10     | Noticed a tentacled starspawn
  9998 | D:10     | Noticed a thrashing horror
  9998 | D:10     | Noticed an Executioner
  9998 | D:10     | HP: 3/80 [meliai (7)]
  9998 | D:10     | Slain by a meliai

Illustrated notes

Levels and vault maps discovered:
D:1:      minmay_arrival_jagged, layout_basic, minmay_misc_feat_pillars,
          serial_bayou_pond_d, wander_ebering_terrifying_dragon_lair
D:2:      layout_loops_ring, hellmonk_ecumenical_altar_heavens_door
D:3:      minmay_angry_zag, layout_rooms, amcnicky_altar_gilded,
          mainiacjoe_overflow_concentric_impassable, corexii_hall_statues_x,
          st_stairs_3, minivault_5
D:4:      layout_cave_pools, lemuel_doored_altar,
          minmay_temple_entry_sparse_star, lightli_sewer_entry_pipes,
          uniq_duvessa
D:5:      layout_basic, nicolae_dithmenos_through_a_glass_darkly
D:6:      layout_rooms, chequers_temple_overflow_statue_of_worship,
          st_stairs_13, minmay_ruined_shrine
D:7:      layout_basic, mainiacjoe_overflow_alcove_2, minmay_ruffians
D:8:      layout_loops_ring, nicolae_elyvilon_peaceful_grove,
          serial_co_window_serial, co_window_paths_b, co_window_corner_a,
          co_window_corner_a, co_window_paths_b, co_window_corner_a,
          co_window_paths_c, co_window_corner_ca, co_window_unsneaky_path_e,
          co_window_4corner_a, glass_columns_a, glass_columns_b,
          glass_columns_a, glass_columns_b
D:9:      layout_long_grid, david_lair_generic, david_orc_5, st_stairs_7,
          nicolae_rejected_hall
D:10:     layout_cave_pools

Skill      XL: |  1  2  3  4  5  6  7  8  9 10 |
---------------+-------------------------------+-----
Axes           | 2 3 |  3.5
Armour         | 2 3 4 5 6 |  6.8
Invocations    | 3 4 5 6 8 9 11 | 11.6
Fighting       | 4 5 6 7 |  7.9
Maces & Flails | 2 4 5 |  5.2
Polearms       | 1 4 |  4.6
Shields        | 4 |  4.3
Dodging        | |  0.8

Action                   |  1- 3 |  4- 6 |  7- 9 | 10-12 || total
-------------------------+-------+-------+-------+-------++-------
Melee: Hand axe          |    94 |   155 |       |       ||   249
       Headbutt          |       |    39 |    61 |    26 ||   126
       Touch             |       |    28 |    45 |       ||    73
       Kick              |       |    42 |    92 |    49 ||   183
       Flail             |       |    35 |   202 |       ||   237
       Spear             |       |       |    26 |   137 ||   163
Throw: Dart              |       |       |    16 |       ||    16
Invok: Corrupt           |       |       |       |     1 ||     1
  Use: Scroll            |       |     5 |     6 |       ||    11
       Potion            |       |     5 |       |     3 ||     8
 Stab: Sleeping          |     2 |       |       |       ||     2
Armor: Leather armour    |    22 |       |       |       ||    22
       Ring mail         |     8 |    75 |    93 |       ||   176
       Chain mail        |       |       |       |    83 ||    83
Dodge: Dodged            |    79 |   177 |   165 |    22 ||   443
Block: Kite shield       |       |       |       |    64 ||    64

Table legend: (Time is in decaauts)
 A = Elapsed time spent in this place.
 B = Non-inter-level travel time spent in this place.
 C = Inter-level travel time spent in this place.
 D = Time resting spent in this place.
 E = Time spent auto-exploring this place.
 F = Levels seen in this place.
 G = Mean time per level.
                   A        B        C        D        E       F      G
               +--------+--------+--------+--------+--------+-----+--------+
         Total |  10250 |  10049 |    201 |   1137 |   6400 |  12 |  854.2 |
       Dungeon |   9389 |   9188 |    201 |    935 |   6283 |  10 |  938.9 |
         Abyss |     14 |     14 |      0 |      0 |      1 |   1 |   14.0 |
         Sewer |    846 |    846 |      0 |    202 |    116 |   1 |  846.0 |
               +--------+--------+--------+--------+--------+-----+--------+

Top non-repeatable levels by time:
     D:3: 1325 daAuts
     D:1: 1282 daAuts
     D:5: 1142 daAuts
     D:7: 1129 daAuts
     D:4: 1071 daAuts
     D:8: 1067 daAuts
     D:2: 876 daAuts
   Sewer: 846 daAuts
     D:9: 762 daAuts
     D:6: 724 daAuts
 Abyss:1: 14 daAuts
    D:10: 6 daAuts
